 Dungeon Crawl Stone Soup version 0.30.1-11-g7821555f0a (webtiles) character file.

Game seed: 14001116980516604953

70 ThorGoll the Covered (level 4, -3/33 HPs)
             Began as a Human Wanderer on Nov 10, 2023.
             Slain by a gnoll
             ... wielding a +3 spear of venom
              (6 damage)
             ... on level 3 of the Dungeon.
             The game lasted 00:04:37 (2213 turns).

ThorGoll the Covered (Human Wanderer)               Turns: 2213, Time: 00:04:38

Health: -3/33      AC:  5    Str: 13    XL:     4   Next: 44%
Magic:  15/15      EV: 11    Int: 16    God:
Gold:   124        SH:  0    Dex: 10    Spells: 6/6 levels left

rFire   + . .        p - +4 war axe
rCold   . . .        (no shield)
rNeg    . . .        r - +3 robe of Anaesthesia {rF+ MP+9}
rPois   +            (no helmet)
rElec   .            (no cloak)
rCorr   .            (no gloves)
SInv    .            (no boots)
Will    .....        (no amulet)
Stlth   ++           e - ring of poison resistance
HPRegen 0.25/turn    (no ring)
MPRegen 0.14/turn

%: no passive effects
@: lethally poisoned (-3 -> -6)
A: no striking features
a: no special abilities


You were on level 3 of the Dungeon.
You visited 1 branch of the dungeon, and saw 3 of its levels.

You collected 124 gold pieces.

Inventory:

Hand Weapons
 a - a +0 club
 n - a +0 war axe
 p - a +4 war axe (weapon)
Armour
 c - a +0 scale mail
 r - the +3 robe of Anaesthesia (worn) {rF+ MP+9}
   (You found it on level 2 of the Dungeon)

   rF:        It protects you from fire.
   MP:        It affects your magic capacity (+9).
Magical Staves
 q - a staff of earth
Jewellery
 e - a ring of poison resistance (left hand)
 x - a +4 ring of protection
Wands
 l - a wand of quicksilver (6)
Scrolls
 f - a scroll of vulnerability {unknown}
 g - 5 scrolls of identify {unknown}
 h - a scroll of teleportation {unknown}
 j - 2 scrolls of blinking {unknown}
 t - a scroll of magic mapping {unknown}
 u - a scroll of amnesia {unknown}
 v - 2 scrolls of poison {unknown}
 w - a scroll of enchant armour {unknown}
 y - a scroll of torment {unknown}
Potions
 b - a potion of attraction
 d - a potion of heal wounds {unknown}
 i - 2 potions of haste {unknown}
 k - 2 potions of berserk rage {unknown}
 m - a potion of magic {unknown}
 o - 2 potions of brilliance {unknown}
 s - 2 potions of curing {unknown}


   Skills:
 + Level 2.0 Fighting
 + Level 0.6 Axes
 - Level 4.0 Armour
 + Level 1.5 Dodging
 + Level 1.6 Stealth
 + Level 1.9 Spellcasting
 - Level 3.0 Necromancy
 - Level 1.0 Translocations


You had 6 spell levels left.
You didn't know any spells.
Your spell library contained the following spells:

 Spells                   Type           Power      Damage    Failure   Level
 Necrotise                Necr           44%        1d6       6%          1
 Apportation              Tloc           8%         N/A       14%         1
 Vampiric Draining        Necr           11%        2d6       19%         3
 Volatile Blastmotes      Fire/Tloc      6%         2d10      45%         3
 Dispel Undead            Necr           11%        3d9       52%         4


Dungeon Overview and Level Annotations

Branches:
Dungeon (3/15)

Altars:

Annotations:
D:3 1 transporter


Message History

You enter the transporter and appear at another place.
A gnoll comes into view. It is wielding a +0 halberd.
The gnoll shouts!
You can't go down here!
You can't go up here!
The gnoll shouts!
The gnoll closely misses you.
You hit the gnoll.
The gnoll is heavily wounded.
You hit the plant.
The plant begins to die.
You hit the plant.
The plant begins to die.
A gnoll opens the door.
The gnoll hits you with a +0 halberd!
You hit the gnoll.
The gnoll is severely wounded.
You hit the plant. You slash the plant! The gnoll hits you with a +0 halberd.
The gnoll closely misses you.
You closely miss the gnoll.
The gnoll is heavily wounded.
You slash the plant! x2; A nearby plant withers and dies. x2
You slash the gnoll!
You kill the gnoll!
The gnoll throws a throwing net.
The throwing net barely misses you.
Your Fighting skill increases to level 2! 2 gnolls come into view.
A gnoll is wielding a +1 spear of pain.
Found a scroll labelled GEAK VIMNOSCH.
Found a transporter.
The gnoll shouts! x2
The gnoll hits you with a +3 spear of venom.
You are poisoned.
The gnoll moves out of view.
You barely miss the gnoll. You slash the plant!
The plant begins to die.
You slash the plant!
The plant begins to die.
You feel very sick.
The gnoll hits you with a +3 spear of venom.
A gnoll opens the door.
You closely miss the gnoll. You slash the plant! x2; You feel sick.
The gnoll hits you with a +3 spear of venom!
* * * LOW HITPOINT WARNING * * *
The gnoll barely misses you.
The gnoll hits you with a +3 spear of venom.
You die...

# ##≈≈......# #?.
### #..#≈≈......# ..
#.# #..#≈≈.#.#### ≈
.. .......#≈≈.#.#
≈###.##'##.###≈≈.#.#
.#.#P.P#.#..≈≈...#
≈.##.+...+.##.≈≈..##
≈.#©.#PgP#..#.≈≈..#
##@##.##.≈≈..#
≈..#.#..)#.#......#
~.©#.g.©.+.#©.....#
≈..#g#8(8#.#......#
≈ #.#####.##.≈≈..# .
.#.≈≈..# # ##.≈≈..#
..≈≈.## ###≈≈.#


You could see 3 gnolls.

Vanquished Creatures
  A gnoll (D:3)
  2 adders (D:2)
  A dart slug (D:1)
  An orc (D:3)
  4 endoplasms
  4 giant cockroaches
  3 goblins
  5 hobgoblins
  2 jackals (D:1)
  4 ball pythons
  3 bats
  2 frilled lizards
  4 rats
  A spectral hobgoblin (D:1)
37 creatures vanquished.

Notes
Turn   | Place    | Note
-------+----------+-------------------------------------------
     0 | D:1      | ThorGoll the Human Wanderer began the quest for the Orb.
     0 | D:1      | ThorGoll set off with the following items: a +0 club, a
                  | potion of attraction, a +0 scale mail; and the following
                  | spells available to memorise: Necrotise, Apportation,
                  | Vampiric Draining, Volatile Blastmotes, Dispel Undead.
     0 | D:1      | Reached XP level 1. HP: 15/15 MP: 2/2
    22 | D:1      | Found a faded altar of an unknown god.
   255 | D:1      | Reached XP level 2. HP: 4/21 MP: 3/3
   593 | D:1      | Reached skill level 1 in Stealth
   981 | D:2      | Reached XP level 3. HP: 24/26 MP: 5/5
  1013 | D:2      | Reached skill level 1 in Dodging
  1450 | D:2      | Identified the +3 robe of Anaesthesia {rF+ MP+9}
  1646 | D:2      | Reached XP level 4. HP: 33/33 MP: 6/6
  2192 | D:3      | Found a transporter.
  2211 | D:3      | Found a transporter.
  2213 | D:3      | Slain by a gnoll

Illustrated notes

Levels and vault maps discovered:
D:1:      minmay_arrival_diagonal_passages, layout_basic,
          dreamdust_ecumenical_altar_drowned_temple, minmay_misc_feat_five,
          serial_bayou_lake_a
D:2:      layout_basic, serial_rivers, chequers_serial_rivers_marsh,
          chequers_serial_rivers_large_a, chequers_serial_rivers_small_a,
          chequers_serial_rivers_large_b, serial_bayou_pond_d
D:3:      layout_basic, gammafunk_ghost_gnarly_gnolls

Skill      XL: |  1  2  3  4 |
---------------+-------------+-----
Stealth        | 1 |  1.6
Dodging        | 1 |  1.5
Fighting       | 2 |  2.0
Axes           | |  0.6
Armour         | |  4.0
Spellcasting   | |  1.9
Necromancy     | |  3.0
Translocations | |  1.0

Action                     |  1- 3 |  4- 6 || total
---------------------------+-------+-------++-------
  Melee: Club              |   120 |       ||   120
         Punch             |     2 |       ||     2
         War axe           |    24 |    29 ||    53
 Armour: Scale mail        |    93 |       ||    93
         Robe              |       |    10 ||    10
  Dodge: Dodged            |    92 |    20 ||   112
